 Dungeon Crawl Stone Soup version 0.18.1-50-g88ac8fd (webtiles) character file.

316 Peloso the Shield-Bearer (level 6, -9/53 HPs)
             Began as a Minotaur Fighter on Sept 24, 2016.
             Killed by divine providence
             ... invoked by an orc priest
              (13 damage)
             ... on level 4 of the Dungeon.
             The game lasted 00:04:33 (2657 turns).

Peloso the Shield-Bearer (Minotaur Fighter)         Turns: 2657, Time: 00:04:34

Health: -9/53      AC:  7    Str: 20    XL:     6   Next: 20%
Magic:  5/5        EV:  9    Int:  5    God:
Gold:   200        SH: 10    Dex: 12    Spells: 0 memorised, 5 levels left

rFire  . . .     SeeInvis .     a - +0 long sword
rCold  . . .     Gourm    .     b - +0 scale mail
rNeg   . . .     Faith    .     c - +0 shield
rPois  .         Spirit   .     (helmet restricted)
rElec  .         Dismiss  .     (no cloak)
rCorr  .         Reflect  .     (no gloves)
SustAt .         Harm     .     (no boots)
MR     .....                    (no amulet)
Stlth  +.........               (no ring)
                                y - ring of stealth

@: lethally poisoned (-9 -> -11), not resistant to hostile enchantments, very
unstealthy
A: retaliatory headbutt, horns 2
a: no special abilities


You were on level 4 of the Dungeon.
You were not hungry.

You visited 1 branch of the dungeon, and saw 4 of its levels.

You collected 200 gold pieces.

Inventory:

Hand Weapons
 a - a +0 long sword (weapon)
Armour
 b - a +0 scale mail (worn)
 c - a +0 shield (worn)
Jewellery
 y - a ring of stealth (left hand)
Wands
 p - a wand of digging (10/24)
 t - a wand of acid (8/15)
Scrolls
 e - a scroll of recharging {unknown}
 i - 2 scrolls of immolation {unknown}
 l - a scroll of enchant weapon {unknown}
 m - 4 scrolls of identify {unknown}
 o - 3 scrolls of remove curse {unknown}
 s - 4 scrolls of noise {unknown}
 v - a scroll of teleportation {unknown}
 w - a scroll of fog {unknown}
Potions
 d - 2 potions of might
 h - 3 potions of resistance {unknown}
 k - a potion of ambrosia {unknown}
 n - a potion of flight {unknown}
 r - a potion of degeneration {unknown}
Books
 u - Kikubaaqudgha's Reference Book on Evil
   (You found it on level 2 of the Dungeon)

   Spells                             Type                      Level
   a - Animate Skeleton               Necromancy                   1
Comestibles
 f - 4 bread rations
 g - a slice of pizza
 j - a royal jelly
 q - a meat ration
 x - 2 fruits


   Skills:
 + Level 4.6 Fighting
 + Level 3.8 Long Blades
 + Level 5.2 Armour
 + Level 2.5 Dodging
 + Level 5.2 Shields


You had 5 spell levels left.
You didn't know any spells.

Dungeon Overview and Level Annotations

Branches:
Dungeon (4/15)
 Temple: D:4-7

Altars:
Cheibriados
Gozag
Kikubaaqudgha
Sif Muna
Vehumet

Annotations:
D:4 Blork the orc


Innate Abilities, Weirdness & Mutations

You reflexively headbutt those who attack you in melee.
You have a pair of horns on your head.


Message History

Blork the orc seems to speed up.
A giant newt comes into view.
Items here: )) [ † a flail; a morningstar; a scale mail; an orc corpse Drink which item? (? for menu, Esc to quit)
Okay, then.
Blork the orc casts a cantrip, but nothing happens.
The worker ant bites you.
* * * LOW HITPOINT WARNING * * *
You are poisoned.
The worker ant poisons you!
Blork the orc casts a cantrip, but nothing happens.
You feel sick.
You feel sick.
Blork the orc screams, "You are the ugliest creature I've ever seen!"
The worker ant bites you but does no damage.
You feel sick.
The orc priest calls down the wrath of Beogh upon you.
Beogh smites you!
You die...

.##. #.###o######
.##.# #.# #o# ###.#
##.###.# .##.#
##...##.###### .##.#
#..#.ol.......# 8##.#
#.o.o##.#####.#
###.####### #
#.#.###.# ..........#
#.####o#.###.###
.##.#####.#
#..@a.o.........
###.#
#.#.........#.#####..
....# #.###########.#
##### #.###########.#
#.............#
###############


You could see Blork the orc, a worker ant and an orc priest.

Vanquished Creatures
  A sky beast (D:3)
  A hound skeleton (D:4)
  4 gnolls (D:3)
  8 adders
  An ooze (D:1)
  5 worms
  3 dart slugs
  4 giant geckos
  3 orcs
  7 bats
  5 giant cockroaches
  8 hobgoblins
  7 jackals
  4 quokkas
  2 ball pythons
  6 giant newts
  3 goblins
  5 kobolds (D:2)
  4 rats
  A plant (D:3)
82 creatures vanquished.

Notes
Turn   | Place    | Note
--------------------------------------------------------------
     0 | D:1      | Peloso the Minotaur Fighter began the quest for the Orb.
     0 | D:1      | Reached XP level 1. HP: 19/19 MP: 0/0
    90 | D:1      | Reached XP level 2. HP: 27/27 MP: 1/1
   702 | D:2      | Reached XP level 3. HP: 33/33 MP: 2/2
  1165 | D:2      | Found a snail-covered altar of Cheibriados.
  1227 | D:2      | Reached XP level 4. HP: 40/40 MP: 3/3
  1446 | D:2      | Found an ancient bone altar of Kikubaaqudgha.
  1460 | D:2      | Found a radiant altar of Vehumet.
  1462 | D:2      | Found a deep blue altar of Sif Muna.
  1477 | D:2      | Identified Kikubaaqudgha's Reference Book on Evil
  1578 | D:3      | Reached skill level 1 in Dodging
  1642 | D:3      | Found a faded altar to an unknown god.
  1743 | D:3      | Noticed a sky beast
  1747 | D:3      | Killed a sky beast
  1747 | D:3      | Reached skill level 5 in Shields
  1747 | D:3      | Reached XP level 5. HP: 34/46 MP: 4/4
  1881 | D:3      | Reached skill level 5 in Armour
  2229 | D:3      | Reached XP level 6. HP: 53/53 MP: 5/5
  2542 | D:4      | Found an opulent altar of Gozag.
  2642 | D:4      | Noticed Blork the orc
  2657 | D:4      | Killed from afar by an orc priest

Skill      XL: |  1  2  3  4  5 |
---------------+----------------+-----
Armour         | 4 5 |  5.2
Long Blades    | 3 |  3.8
Shields        | 4 5 |  5.2
Fighting       | 4 |  4.6
Dodging        | 2 |  2.5

Action                   |  1- 3 |  4- 6 || total
-------------------------+-------+-------++-------
Melee: Long sword        |    94 |   110 ||   204
       Headbutt          |    20 |    23 ||    43
  Eat: Chunk             |     1 |     5 ||     6
Armor: Scale mail        |    45 |    38 ||    83
Dodge: Dodged            |    21 |    41 ||    62
Block: Shield            |    42 |    54 ||    96
